 Dungeon Crawl Stone Soup version 0.24.0-123-gd5b16e6ec5 (webtiles) character file.

Game seed: 2371931883553440903, levelgen mode: deterministic

114 FishyPogo the Skirmisher (level 4, 0/37 HPs)
             Began as a Demonspawn Chaos Knight on Jan 24, 2020.
             Was a Plaything of Xom.
             Slain by a wyvern skeleton (4 damage)
             ... on level 3 of the Dungeon.
             The game lasted 00:04:37 (1512 turns).

FishyPogo the Skirmisher (Demonspawn Chaos Knight)  Turns: 1512, Time: 00:04:38

Health: 0/37       AC: 14    Str: 10 (13) XL:     4   Next: 66%
Magic:  4/4        EV: 11    Int: 12 (13) God:    Xom [..*...]
Gold:   147        SH:  0    Dex: 13 (15) Spells: 3/3 levels left

rFire    + . .     SeeInvis .   p - +0 short sword (protect)
rCold    . . .     Gourm    .   (no shield)
rNeg     . . .     Faith    .   b - +2 leather armour
rPois    .         Spirit   .   (no helmet)
rElec    .         Reflect  .   (no cloak)
rCorr    .         Harm     .   (no gloves)
MR       .....                  (no boots)
Stlth    +.........             (no amulet)
HPRegen  0.12/turn              (no ring)
MPRegen  0.09/turn              (no ring)

@: protection aura
A: claws 1, icy blue scales 1, agile 1, fire resistance 1
a: Renounce Religion


You were on level 3 of the Dungeon.
You worshipped Xom.
You were a toy of Xom.
You were not hungry.

You visited 1 branch of the dungeon, and saw 3 of its levels.

You collected 147 gold pieces.

Inventory:

Hand Weapons
 a - a +0 short sword of chaos
 i - a +2 dagger of freezing
 p - a +0 short sword of protection (weapon)
 q - a +2 whip of flaming
Missiles
 e - 2 boomerangs (quivered)
 f - 83 stones
 o - 21 poisoned darts
Armour
 b - a +2 leather armour (worn)
 l - a +2 buckler
Scrolls
 g - a scroll of noise {unknown}
 j - 2 scrolls of remove curse {unknown}
 k - a scroll of amnesia {unknown}
 m - 2 scrolls of enchant weapon {unknown}
 r - a scroll of identify {unknown}
Potions
 h - a potion of mutation
Comestibles
 c - 8 rations
 d - 8 chunks of flesh


   Skills:
 - Level 4.0 Fighting
 - Level 3.0 Short Blades
 - Level 2.0 Armour
 - Level 1.0 Dodging
 * Level 2.7 Shields


You had 3 spell levels left.
You didn't know any spells.
Your spell library was empty.

Dungeon Overview and Level Annotations

Branches:
Dungeon (3/15)

Altars:


Innate Abilities, Weirdness & Mutations

You have sharp fingernails.
You are partially covered in icy blue scales. (AC +2)
You are agile. (Dex +2)
Your flesh is heat resistant. (rF+)


Message History

* * * LOW HITPOINT WARNING * * *
It was a potion of degeneration.
There was something very wrong with that liquid.
You feel weakened.
You feel dopey.
You feel clumsy.
Xom thinks this is hilarious!
Xom grants you a minor favour.
You feel better. The wyvern skeleton bites you.
* * * LOW HITPOINT WARNING * * *
The wyvern skeleton bites you but does no damage.
You hit the wyvern skeleton.
The wyvern skeleton is heavily damaged.
The wyvern skeleton bites you.
* * * LOW HITPOINT WARNING * * *
You hit the wyvern skeleton.
The wyvern skeleton is heavily damaged.
The wyvern skeleton completely misses you.
You hit the wyvern skeleton.
The wyvern skeleton is severely damaged.
Xom smirks.
You detect creatures!
The wyvern skeleton bites you.
You die...

.#..............
.......#.#.#..... S
#................
#.....#.#.#.........#..#
.##.......................
........#.#.#..#........?.
..............#....#.#....
#.#......%...............
.?..[....@รท...#.#..#.#.#
#.#.....Z[)............###
............#..)..........
##..................#!....
#.....##..#.#.#.#...##....
##.... ...........#####.#.
......##..#.#.#...# ##...
##..#. #........#.## #....
...#.#.#....###.#..


You could see a wyvern skeleton.

Vanquished Creatures
  An orc wizard (D:3)
  2 adders (D:2)
  3 dart slugs
  A leopard gecko (D:1)
  3 orcs (D:3)
  4 bats
  4 giant cockroaches
  8 goblins
  6 hobgoblins
  3 jackals
  2 ball pythons (D:2)
  3 frilled lizards (D:1)
  7 kobolds
  9 rats
56 creatures vanquished.

Notes
Turn   | Place    | Note
-------+----------+-------------------------------------------
     0 | D:1      | FishyPogo the Demonspawn Chaos Knight began the quest for
                  | the Orb.
     0 | D:1      | Reached XP level 1. HP: 18/18 MP: 1/1
    43 | D:1      | Gained mutation: You are partially covered in icy blue
                  | scales. (AC +2) [demonic ancestry]
    43 | D:1      | Reached XP level 2. HP: 24/24 MP: 2/2
    82 | D:1      | XOM: divination: detect creatures
   119 | D:1      | XOM: divination: magic mapping
   128 | D:1      | XOM: mild Tmut miscast
   169 | D:1      | XOM: silly message
   453 | D:2      | Reached XP level 3. HP: 30/30 MP: 3/3
   469 | D:2      | Reached skill level 1 in Dodging
   753 | D:2      | Reached skill level 4 in Fighting
   753 | D:2      | Reached skill level 1 in Shields
  1213 | D:3      | XOM: noise
  1372 | D:2      | XOM: silly message
  1421 | D:3      | Gained mutation: You are agile. (Dex +2) [potion of
                  | mutation]
  1421 | D:3      | Gained mutation: Your flesh is heat resistant. (rF+)
                  | [potion of mutation]
  1423 | D:3      | Gained mutation: You have sharp fingernails. [demonic
                  | ancestry]
  1423 | D:3      | Reached XP level 4. HP: 28/37 MP: 4/4
  1508 | D:3      | HP: 1/37 [wyvern skeleton (9)]
  1509 | D:3      | XOM: potion effect (curing)
  1512 | D:3      | XOM: divination: detect creatures
  1512 | D:3      | Slain by a wyvern skeleton

Levels and vault maps discovered:
D:1:      dpeg_arrival_tiny_e, layout_rooms
D:2:      layout_basic, first_ration, minmay_statues_item,
          palyth_stone_intersect, minmay_pentomino_u4
D:3:      layout_rooms, dancing_weapons_uskayaw, serial_co_window_serial,
          co_window_corner_a, co_window_paths_b, co_window_cross_1,
          co_window_of_opportunity_a, co_window_paths_a, co_window_cross_1,
          co_window_cross_1, co_window_2corner, co_window_cross_3,
          co_window_cross_2, co_window_broadway_c, glass_columns_b,
          glass_columns_a, glass_columns_b, glass_columns_a, glass_columns_a

Skill      XL: |  1  2  3  4 |
---------------+-------------+-----
Short Blades   | 3 |  3.0
Dodging        | 1 |  1.0
Armour         | 2 |  2.0
Fighting       | 4 |  4.0
Shields        | 1 2 |  2.7

Action                   |  1- 3 |  4- 6 || total
-------------------------+-------+-------++-------
Melee: Short sword       |   163 |    55 ||   218
Throw: Boomerang         |       |     2 ||     2
  Use: Potion            |     3 |     1 ||     4
  Eat: Chunk             |     2 |       ||     2
Armor: Leather armour    |   126 |    33 ||   159
Dodge: Dodged            |   157 |    77 ||   234
